 Dungeon Crawl Stone Soup version 0.32-a0-732-ga344392067 (webtiles) character file.

Game seed: 16583198488719672438

207 timneilson the Sneak (level 6, -9/35 HPs)
             Began as a Kobold Enchanter on Mar 16, 2024.
             Mangled by Crazy Yiuf
             ... wielding a +4 quarterstaff of chaos
              (19 damage)
             ... on level 3 of the Dungeon.
             The game lasted 00:07:59 (2563 turns).

timneilson the Sneak (Kobold Enchanter)             Turns: 2563, Time: 00:07:59

Health: -9/35      AC:  7    Str:  6    XL:     6   Next: 11%
Magic:  9/9        EV: 15    Int: 16    God:
Gold:   113        SH:  0    Dex: 17    Spells: 9/9 levels left

rFire   + . .        a - +1 dagger
rCold   + . .        (no shield)
rNeg    . . .        b - +1 robe
rPois   +            (no helmet)
rElec   +            (no cloak)
rCorr   +            (no gloves)
SInv    .            (no boots)
Will    .....        (no amulet)
Stlth   ++++         l - +4 ring of protection
HPRegen 0.25/turn    (no ring)
MPRegen 0.11/turn

%: no passive effects
@: resistant, fragile (+50% incoming damage), hasted, very quick
A: small, no large weapons, nightstalker 3
a: no special abilities


You were on level 3 of the Dungeon.
You visited 1 branch of the dungeon, and saw 3 of its levels.

You collected 113 gold pieces.

Inventory:

Hand Weapons
 a - a +1 dagger (weapon)
Missiles
 f - 6 poisoned darts (quivered)
Armour
 b - a +1 robe (worn)
Jewellery
 l - a +4 ring of protection (left hand)
Scrolls
 c - a scroll of amnesia {unknown}
 d - 2 scrolls of noise
 g - 4 scrolls of fog
 m - a scroll of enchant armour
 n - a scroll of identify
Potions
 e - 2 potions of mutation
 h - a potion of haste
 i - a potion of enlightenment
 j - a potion of might


   Skills:
 + Level 2.0 Fighting
 * Level 3.9 Short Blades
 + Level 1.3 Armour
 * Level 4.3 Dodging
 + Level 4.9 Stealth
 - Level 2.1 Spellcasting
 - Level 3.0 Hexes


You had 9 spell levels left.
You didn't know any spells.
Your spell library contained the following spells:

 Spells                   Type           Power      Damage    Failure   Level
 Ensorcelled Hibernation  Hex/Ice        12%        N/A       17%         2
 Confusing Touch          Hex            11%        N/A       19%         3
 Tukima's Dance           Hex            11%        N/A       19%         3
 Lesser Beckoning         Tloc           2%         N/A       30%         2
 Dazzling Flash           Conj/Hex       12%        N/A       32%         3
 Inner Flame              Hex/Fire       6%         N/A       32%         3
 Gell's Gravitas          Tloc           1%         N/A       52%         3
 Teleport Other           Tloc           1%         N/A       52%         3
 Flame Wave               Conj/Fire      1%         2d4       90%         4
 Sticky Flame             Fire/Alch      1%         2d4       90%         4


Dungeon Overview and Level Annotations

Branches:
Dungeon (3/15)

Altars:
Kikubaaqudgha
Uskayaw
Yredelemnul
The Shining One

Shops:
D:1 !

Annotations:
D:3 1 runed translucent door, Crazy Yiuf


Innate Abilities, Weirdness & Mutations

You are small and have problems with some larger weapons.
You are completely attuned to the shadows.


Message History

You hit Crazy Yiuf but do no damage.
Crazy Yiuf is lightly wounded.
You hit Crazy Yiuf.
Crazy Yiuf is moderately wounded.
Crazy Yiuf hits you with a +4 quarterstaff of chaos.
Your body becomes as fragile as glass!
You hit Crazy Yiuf.
Crazy Yiuf is moderately wounded.
Crazy Yiuf hits you with a +4 quarterstaff of chaos.
You are poisoned.
You barely miss Crazy Yiuf.
Crazy Yiuf is moderately wounded.
You feel sick.
You barely miss Crazy Yiuf.
Crazy Yiuf is moderately wounded.
You feel sick.
Crazy Yiuf hits you with a +4 quarterstaff of chaos!
* * * LOW HITPOINT WARNING * * *
You feel protected.
You hit Crazy Yiuf but do no damage.
Crazy Yiuf is moderately wounded.
You feel sick.
You hit Crazy Yiuf.
Crazy Yiuf is heavily wounded.
You feel sick. Crazy Yiuf barely misses you.
You closely miss Crazy Yiuf.
Crazy Yiuf is heavily wounded.
You hit Crazy Yiuf.
Crazy Yiuf is heavily wounded.
You feel sick.
Crazy Yiuf hits you with a +4 quarterstaff of chaos.
* * * LOW HITPOINT WARNING * * *
You are more poisoned.
Unknown command.
You feel better.
You hit Crazy Yiuf.
Crazy Yiuf is heavily wounded.
Crazy Yiuf hits you with a +4 quarterstaff of chaos!
Ouch! That really hurt!
You die...

#....# ###### #..#.
#P...# #..#. ##PP.#
#..#. ##.## #..#.
##.# ########....
#.## #.........##
##.# #.#####...#
#.## #.# #.†.## #@#
#.#####....) #.g.#
#.#......... #...#
#.#.#####..♣ #).÷#
#...#####.♣# #####
#.|.......♣
#.#.#####.♣#
###.#.####...♣
#.#.#.).......
#######.#.#.####...#


You could see Crazy Yiuf.

Vanquished Creatures
  An ogre (D:3)
  7 adders
  3 dart slugs
  2 ribbon worms (D:2)
  5 ball pythons
  5 bats
  3 endoplasms
  3 goblins
  2 hobgoblins (D:2)
  4 jackals (D:1)
  3 quokkas (D:2)
  5 frilled lizards
  4 kobolds
  6 rats
53 creatures vanquished.

Notes
Turn   | Place    | Note
-------+----------+-------------------------------------------
     0 | D:1      | timneilson the Kobold Enchanter began the quest for the
                  | Orb.
     0 | D:1      | Reached XP level 1. HP: 10/10 MP: 3/3
   120 | D:1      | Reached XP level 2. HP: 16/16 MP: 5/5
   187 | D:1      | Found Umium's Distillery.
   400 | D:1      | Reached XP level 3. HP: 20/20 MP: 6/6
   970 | D:2      | Reached skill level 1 in Fighting
   970 | D:2      | Reached XP level 4. HP: 25/25 MP: 7/7
  1595 | D:3      | Reached skill level 1 in Armour
  1649 | D:3      | Found an ancient bone altar of Kikubaaqudgha.
  1685 | D:3      | Reached XP level 5. HP: 18/29 MP: 8/8
  1750 | D:3      | Found a runed translucent door.
  1753 | D:3      | Noticed Crazy Yiuf
  1843 | D:3      | Noticed an ogre
  1857 | D:3      | Killed an ogre
  1873 | D:3      | Found a hide-covered altar of Uskayaw.
  1969 | D:3      | Reached XP level 6. HP: 35/35 MP: 9/9
  2139 | D:3      | Found a runed translucent door.
  2139 | D:3      | Noticed a human
  2142 | D:3      | Found a basalt altar of Yredelemnul.
  2239 | D:3      | Found a glowing golden altar of the Shining One.
  2563 | D:3      | Mangled by Crazy Yiuf

Illustrated notes

Levels and vault maps discovered:
D:1:      lemuel_arrival_cross, layout_rooms, serial_forest,
          infiniplex_forest_lined_1, infiniplex_forest_lined_4_way,
          infiniplex_forest_clump_small, infiniplex_forest_clump_tiny,
          infiniplex_forest_end_2, infiniplex_forest_lined_room_2,
          infiniplex_forest_clump_long, serial_shops, shop
D:2:      layout_rooms, serial_aquarium, aquarium_bridge_square
          [aquarium_subvault_bridge, aquarium_subvault_bridge,
          aquarium_subvault_balcony, aquarium_subvault_bridge],
          aquarium_window_corridor_2, aquarium_window_2, aquarium_view_2d,
          minmay_misc_feat_tower
D:3:      layout_loops_ring, mainiacjoe_overflow_24_doors,
          amcnicky_altar_gilded, dk_yredelemnul_ordeal,
          mainiacjoe_overflow_six_doors_small, minmay_hedge_maze,
          chequers_serial_rivers_small_a, hangedman_decor_push,
          minmay_stone_trees_small, minivault_26, uniq_crazy_yiuf_cottage

Skill      XL: |  1  2  3  4  5  6 |
---------------+-------------------+-----
Short Blades   | 2 3 |  3.9
Dodging        | 3 4 |  4.3
Fighting       | 1 2 |  2.0
Armour         | 1 |  1.3
Stealth        | |  4.9
Spellcasting   | |  2.1
Hexes          | |  3.0

Action                     |  1- 3 |  4- 6 || total
---------------------------+-------+-------++-------
  Melee: Dagger            |    85 |   113 ||   198
    Use: Potion            |     2 |     3 ||     5
         Scroll            |     3 |     7 ||    10
   Stab: Sleeping          |    14 |    13 ||    27
         Invisible         |     2 |     1 ||     3
 Armour: Robe              |    36 |    33 ||    69
  Dodge: Dodged            |    62 |    62 ||   124

Table legend: (Time is in decaauts)
 A = Elapsed time spent in this place.
 B = Non-inter-level travel time spent in this place.
 C = Inter-level travel time spent in this place.
 D = Time resting spent in this place.
 E = Time spent auto-exploring this place.
 F = Levels seen in this place.
 G = Mean time per level.
                   A        B        C        D        E       F      G
               +--------+--------+--------+--------+--------+-----+--------+
         Total |   2530 |   2473 |     57 |    130 |   1584 |   3 |  843.3 |
       Dungeon |   2530 |   2473 |     57 |    130 |   1584 |   3 |  843.3 |
               +--------+--------+--------+--------+--------+-----+--------+

Top non-repeatable levels by time:
     D:3: 1043 daAuts
     D:1: 805 daAuts
     D:2: 681 daAuts
